 Dungeon Crawl Stone Soup version 0.21.1-1-g345015fe64 (webtiles) character file.

84 Lennu the Stinger (level 4, 0/35 HPs)
             Began as a Draconian Venom Mage on May 25, 2018.
             Was an Initiate of Qazlal.
             Killed by divine providence
             ... invoked by an orc priest
              (9 damage)
             ... on level 2 of the Dungeon.
             The game lasted 00:06:47 (2252 turns).

Lennu the Stinger (Draconian Venom Mage)            Turns: 2252, Time: 00:06:48

Health: 0/35       AC:  5    Str: 10    XL:     4   Next: 24%
Magic:  2/8        EV: 12    Int: 16    God:    Qazlal [......]
Gold:   106        SH:  0    Dex: 12    Spells: 7/8 levels left

rFire    . . .     SeeInvis .   (no weapon)
rCold    . . .     Gourm    .   (no shield)
rNeg     . . .     Faith    .   (armour unavailable)
rPois    .         Spirit   .   (helmet restricted)
rElec    .         Reflect  .   (no cloak)
rCorr    .         Harm     .   (no gloves)
MR       .....                  (no boots)
Stlth    ++........             (no amulet)
HPRegen  0.11/turn              (no ring)
MPRegen  0.11/turn              (no ring)

@: about to teleport, hasted, very quick
A: unfitting armour, cold-blooded, AC +5
a: Renounce Religion


You were on level 2 of the Dungeon.
You worshipped Qazlal.
Qazlal was noncommittal.
You were hungry.

You visited 1 branch of the dungeon, and saw 2 of its levels.

You collected 106 gold pieces.

Inventory:

Scrolls
 f - 2 scrolls of identify {unknown}
 g - 2 scrolls of remove curse {unknown}
 h - a scroll of enchant armour {unknown}
 j - a scroll of enchant weapon {unknown}
 k - a scroll of fog {unknown}
Books
 a - a Young Poisoner's Handbook

   Spells                             Type                      Level
   a - Sting                          Conjuration/Poison           1
   b - Poisonous Vapours              Poison/Air                   2
   c - Mephitic Cloud                 Conjuration/Poison/Air       3
   d - Olgreb's Toxic Radiance        Poison                       4
   e - Venom Bolt                     Conjuration/Poison           5
Comestibles
 d - a ration


   Skills:
 * Level 1.0 Fighting
 * Level 2.2 Dodging
 - Level 1.8 Stealth
 * Level 2.7 Spellcasting
 * Level 1.6 Conjurations
 * Level 3.9 Poison Magic


You had 7 spell levels left.
You knew the following spells:

 Your Spells              Type           Power        Failure   Level  Hunger
a - Sting                 Conj/Pois      ##..         6%          1    #......


Dungeon Overview and Level Annotations

Branches:
Dungeon (2/15)

Altars:
Okawaru
Qazlal
Trog


Innate Abilities, Weirdness & Mutations

Your plain brown scales are hard. (AC +5)
You cannot fit into any form of body armour.
You are cold-blooded and may be slowed by cold attacks.


Message History

The orc priest is lightly wounded.
The orc priest hits you but does no damage.
Casting: Sting
Confirm with . or Enter, or press ? or * to list all spells.
Aiming: Sting
Press: ? - help, Shift-Dir - straight line, f/p - orc priest
Aim: an orc priest, wielding a hand axe and wearing a ring mail (lightly wounded, poisoned)
The sting hits the orc priest.
The orc priest appears unharmed.
The orc priest is lightly wounded.
The orc priest hits you but does no damage.
It was a potion of haste.
You feel yourself speed up.
As you read the scroll labeled YGONOR JEMEB WAIRGH, it crumbles to dust.
You hear a loud clanging noise!
It was a scroll of noise.
As you read the scroll labeled KIPNAHAEWK, it crumbles to dust.
You feel strangely unstable.
It was a scroll of teleportation.
The orc priest barely misses you.
The orc priest calls down the wrath of Beogh upon you.
Beogh smites you!
You die...

#.# #.# #.# #.....
#.#######.# #.#
#.#### ..........#
#.# #.....
..#########
##.######.##)# ...#
### #.........##[#
...#
#.###.##########.#
...# ##_.♣#.#
#####.# (#.#
#8(.o'.######......
...#
##@o♣####.....####.
.######### #.##
#.###.##...
........(. ###
#.#.... .#########
#.#.... .# #.)..._
.# #.#.... .#
#.....#.... .######
#.#.#.##... ......#
..# #...####.


You could see 2 orc priests.

Vanquished Creatures
  An orc priest (D:2)
  An adder (D:1)
  A worm (D:2)
  2 dart slugs
  2 leopard geckos
  2 orcs
  A ball python (D:1)
  A giant cockroach (D:2)
  3 goblins
  2 hobgoblins (D:2)
  4 jackals (D:1)
  A quokka (D:2)
  3 bats
  2 frilled lizards
  4 kobolds
  6 rats
36 creatures vanquished.

Notes
Turn   | Place    | Note
-------+----------+-------------------------------------------
     0 | D:1      | Lennu the Draconian Venom Mage began the quest for the Orb.
     0 | D:1      | Reached XP level 1. HP: 14/14 MP: 3/3
   215 | D:1      | Reached XP level 2. HP: 20/20 MP: 1/5
  1065 | D:1      | Reached XP level 3. HP: 22/26 MP: 1/6
  1468 | D:2      | Found a stormy altar of Qazlal.
  1482 | D:2      | Became a worshipper of Qazlal Stormbringer
  1569 | D:2      | Reached XP level 4. HP: 26/34 MP: 4/7
  2149 | D:2      | Reached skill level 1 in Fighting
  2231 | D:2      | Found an iron altar of Okawaru.
  2232 | D:2      | Found a bloodstained altar of Trog.
  2252 | D:2      | Killed from afar by an orc priest

Skill      XL: |  1  2  3  4 |
---------------+-------------+-----
Dodging        | 2 |  2.2
Fighting       | 1 |  1.0
Stealth        | |  1.8
Spellcasting   | |  2.7
Conjurations   | |  1.6
Poison Magic   | |  3.9

Action                   |  1- 3 |  4- 6 || total
-------------------------+-------+-------++-------
Melee: Unarmed           |     9 |     1 ||    10
       Tailslap          |     1 |       ||     1
 Cast: Sting             |    55 |    36 ||    91
  Use: Scroll            |       |     2 ||     2
       Potion            |       |     2 ||     2
  Eat: Ration            |     1 |       ||     1
       Chunk             |       |     1 ||     1
Armor: Skin              |     5 |     3 ||     8
Dodge: Dodged            |    16 |    17 ||    33
